 Dungeon Sprint DCSS version 0.17-a0-1403-g9df874c (webtiles) character file.

896 Kidiri the Covert (level 7, -1/32 HPs)
             Began as a Spriggan Enchanter on June 20, 2015.
             Was a Follower of Dithmenos.
             Slain by a human (11 damage)
             ... in the Dungeon (Sprint III: "The Ten Rune Challenge").
             The game lasted 00:04:33 (785 turns).

Kidiri the Covert (Spriggan Enchanter)               Turns: 785, Time: 00:04:33

Health: -1/32      AC:  3    Str:  4    XL:     7   Next: 78%
Magic:  16/21      EV: 24    Int: 17    God:    Dithmenos [*.....]
Gold:   20         SH:  0    Dex: 18    Spells: 8 memorised, 1 level left

rFire  . . .     SeeInvis +     a - +1 dagger
rCold  . . .     Clarity  .     b - +1 robe
rNeg   . . .     SustAt   .     (shield restricted)
rPois  .         Gourm    .     (helmet restricted)
rElec  .         Spirit   .     (no cloak)
rCorr  .         Warding  .     (gloves unavailable)
rMut   .         NoTele   +     (boots unavailable)
MR     +....                    (no amulet)
Stlth  +++++++...               (no ring)
                                (no ring)

@: wreathed by umbra, very quick, somewhat resistant to hostile enchantments,
extremely stealthy
A: unfitting armour, see invisible, herbivore 3, speed 3, slow metabolism 2
a: Renounce Religion


You were in the Dungeon.
You worshipped Dithmenos.
Dithmenos was aware of your devotion.
You were not hungry.

You visited 1 branch You collected 20 gold pieces.

Inventory:

Hand weapons
 a - a +1 dagger (weapon)
Armour
 b - a +1 robe (worn)
Scrolls
 j - a scroll of blinking
 l - 2 scrolls of holy word {unknown}
 m - a scroll of enchant armour {unknown}
 n - 3 scrolls of remove curse
 r - a scroll of identify {unknown}
Potions
 e - a potion of curing
 f - a potion of heal wounds
 g - a potion of haste
 h - 2 potions of magic
 p - 3 potions of cure mutation
 q - 3 potions of flight
Books
 k - a book of Transfigurations

   Spells                             Type                      Level
   a - Stoneskin                      Transmutation/Earth          2
   b - Irradiate                      Conjuration/Transmutation    5
   c - Statue Form                    Transmutation/Earth          6
   d - Hydra Form                     Transmutation                6
   e - Dragon Form                    Transmutation                7
 s - a book of Burglary

   Spells                             Type                      Level
   a - Swiftness                      Charms/Air                   2
   b - Passwall                       Transmutation/Earth          3
   c - Passage of Golubria            Translocation                4
   d - Lee's Rapid Deconstruction     Earth                        5
   e - Invisibility                   Hexes                        6
   f - Darkness                       Hexes                        7
Comestibles
 d - a bread ration
 i - a royal jelly
 o - 3 fruits


   Skills:
 + Level 6.2 Short Blades
 + Level 8.4 Dodging
 * Level 12.7 Stealth
 * Level 9.9 Spellcasting
 + Level 3.2 Conjurations
 + Level 7.7 Hexes
 + Level 3.0 Translocations
 + Level 2.6 Transmutations
 + Level 4.2 Ice Magic
 + Level 1.6 Earth Magic
 + Level 2.2 Invocations


You had one spell level left.
You knew the following spells:

 Your Spells              Type           Power        Failure   Level  Hunger
a - Corona                Hex            ####...      1%          1    None
b - Ensorcelled Hibernat  Hex/Ice        ####..       1%          2    None
c - Confuse               Hex            ####....     1%          3    None
d - Tukima's Dance        Hex            ####....     1%          3    None
e - Dazzling Spray        Conj/Hex       ####....     2%          3    None
f - Passwall              Trmt/Erth      ###.......   12%         3    None
g - Passage of Golubria   Tloc           N/A          30%         4    ###....
h - Lee's Rapid Deconstr  Erth           ##........   95%         5    #####..


Dungeon Overview and Level Annotations

Branches:
Dungeon (1/1)

Altars:
Dithmenos
Elyvilon
Gozag
Kikubaaqudgha
Makhleb
Nemelex Xobeh
Okawaru
Qazlal
Ru
Sif Muna
Trog
Vehumet
Xom
Zin
The Shining One
Jiyva
Lugonu

Annotations:
D Erica


Innate Abilities, Weirdness & Mutations

You are tiny and cannot use many weapons and most armour.
You have supernaturally acute eyesight.
You are a herbivore.
You cover ground extremely quickly.
You need consume almost no food.


Message History

You hit the human.
The human is almost dead.
The human closely misses you.
You hit the human.
The human is almost dead.
The human hits you but does no damage.
You catch the helpless human completely off-guard!
You skewer the human like a kebab!!!
You kill the human!
Dithmenos accepts your kill.
Your Translocations skill increases to level 3!
Your Invocations skill increases to level 2!
The human is no longer blind.
The human hits you!
There is an open door, spattered with blood here.
Things that are here:
a dagger; a human corpse You closely miss the human.
The human is moderately wounded.
The human hits you!
You die...

▓▓▓▓▓▓ ▓▓▓ .....♣ ♣.#########
.....♣ ♣♣.#___#__[# ....♣♣♣
♣..#)..#p..#
....≈.♣♣♣..###+#@###+##
...≈≈♣..♣..#..........#
..≈≈≈≈♣♣♣..'.⌠........#
..≈≈≈≈≈≈...#...######'#
.≈≈≈≈≈≈....#.⌠.#__#...#+#####
.≈≈≈≈≈.....#...#__#...#§§§≈§+
.≈≈≈.......#+###__#...#§#§§≈#
...........#.))#__#...+§#§§.#
..........:#___#_.+...#.#§@§#


You could see a human.

Vanquished Creatures
  A deep elf priest (D)
  A shadow (D)
  A spatial vortex (D)
  A water elemental (D)
  A scorpion (D)
  A jelly (D)
  A wizard (D)
  Jessica (D)
  2 humans (D)
  A kobold demonologist (D)
  An ooze (D)
  2 rats (D)
14 creatures vanquished.

Vanquished Creatures (others)
  2 draconian scorchers (D)
  2 yaktaurs (D)
4 creatures vanquished.

Grand Total: 18 creatures vanquished

Notes
Turn   | Place    | Note
--------------------------------------------------------------
     0 | D        | Kidiri the Spriggan Enchanter began the quest for the Orb.
     0 | D        | Reached XP level 1. HP: 9/9 MP: 5/5
     7 | D        | Reached skill level 5 in Stealth
    19 | D        | Noticed Jessica
    24 | D        | Killed Jessica
    24 | D        | Reached skill level 6 in Stealth
    24 | D        | Reached XP level 2. HP: 13/13 MP: 5/8
    24 | D        | Reached XP level 3. HP: 16/16 MP: 6/10
    28 | D        | Learned a level 2 spell: Ensorcelled Hibernation
    32 | D        | Learned a level 3 spell: Confuse
    36 | D        | Learned a level 3 spell: Tukima's Dance
    69 | D        | Noticed a scorpion
    76 | D        | Killed a scorpion
    76 | D        | Reached skill level 5 in Dodging
    76 | D        | Reached skill level 8 in Stealth
    76 | D        | Reached skill level 5 in Spellcasting
    76 | D        | Reached skill level 5 in Hexes
    76 | D        | Reached skill level 1 in Ice Magic
    76 | D        | Reached XP level 4. HP: 21/21 MP: 10/12
   104 | D        | Learned a level 3 spell: Dazzling Spray
   106 | D        | Gained mutation: You are somewhat resistant to further mutation. [potion of mutation]
   107 | D        | Lost mutation: You are somewhat resistant to further mutation. [potion of cure mutation]
   108 | D        | Gained mutation: You are frail (-10% HP). [potion of mutation]
   108 | D        | Gained mutation: You tend to lose your temper in combat. [potion of mutation]
   108 | D        | Gained mutation: You can breathe flames. [potion of mutation]
   109 | D        | Lost mutation: You tend to lose your temper in combat. [potion of cure mutation]
   109 | D        | Lost mutation: You are frail (-10% HP). [potion of cure mutation]
   109 | D        | Lost mutation: You can breathe flames. [potion of cure mutation]
   160 | D        | Killed a white draconian scorcher
   197 | D        | Killed a yaktaur
   225 | D        | Noticed a water elemental
   263 | D        | Killed a white draconian scorcher
   346 | D        | Killed a yaktaur
   497 | D        | Killed a water elemental
   497 | D        | Reached skill level 9 in Stealth
   497 | D        | Reached skill level 1 in Conjurations
   497 | D        | Reached XP level 5. HP: 24/24 MP: 15/15
   631 | D        | Noticed a jelly
   632 | D        | Noticed a shadow
   634 | D        | Killed a shadow
   634 | D        | Reached skill level 5 in Short Blades
   634 | D        | Reached skill level 10 in Stealth
   634 | D        | Reached XP level 6. HP: 28/28 MP: 16/18
   638 | D        | Killed a jelly
   638 | D        | Reached skill level 11 in Stealth
   643 | D        | Found a stormy altar of Qazlal.
   644 | D        | Noticed a spatial vortex
   644 | D        | Killed a spatial vortex
   645 | D        | Found a sacrificial altar of Ru.
   645 | D        | Found a burning altar of Makhleb.
   645 | D        | Found a viscous altar of Jiyva.
   645 | D        | Found a shimmering altar of Xom.
   645 | D        | Found a shadowy altar of Dithmenos.
   645 | D        | Found a sparkling altar of Nemelex Xobeh.
   645 | D        | Found a corrupted altar of Lugonu.
   645 | D        | Found an opulent altar of Gozag.
   658 | D        | Noticed Erica
   671 | D        | Became a worshipper of Dithmenos the Shadowed
   698 | D        | Found a radiant altar of Vehumet.
   699 | D        | Found a deep blue altar of Sif Muna.
   699 | D        | Found an ancient bone altar of Kikubaaqudgha.
   699 | D        | Noticed a wizard
   700 | D        | Killed a wizard
   702 | D        | Reached XP level 7. HP: 32/32 MP: 20/20
   727 | D        | Learned a level 3 spell: Passwall
   732 | D        | Learned a level 4 spell: Passage of Golubria
   738 | D        | Learned a level 5 spell: Lee's Rapid Deconstruction
   756 | D        | Found a glowing silver altar of Zin.
   757 | D        | Found a glowing golden altar of the Shining One.
   757 | D        | Found a white marble altar of Elyvilon.
   757 | D        | Noticed a deep elf priest
   759 | D        | Killed a deep elf priest
   759 | D        | Reached skill level 12 in Stealth
   759 | D        | Reached skill level 1 in Earth Magic
   759 | D        | Reached skill level 1 in Invocations
   770 | D        | Found an iron altar of Okawaru.
   771 | D        | Found a bloodstained altar of Trog.
   771 | D        | Noticed a human
   771 | D        | Noticed a human
   783 | D        | Killed a human
   785 | D        | Slain by a human

Vault maps used:
D:        dungeon_sprint_mu

Action                   |  1- 3 |  4- 6 |  7- 9 || total
-------------------------+-------+-------+-------++-------
Melee: Dagger            |     5 |    12 |     8 ||    25
 Cast: Ensorcelled Hiber |       |     4 |       ||     4
       Dazzling Spray    |       |       |     2 ||     2
  Use: Potion            |       |     5 |       ||     5
 Stab: Sleeping          |     5 |     6 |     1 ||    12
       Invisible         |       |       |     2 ||     2
